 Dungeon Crawl Stone Soup version 0.17.1-3-g152610e (webtiles) character file.

135 kaze the Ruffian (level 4, -9/45 HPs)
             Began as a Troll Berserker on Mar 13, 2016.
             Was a Priest of Trog.
             Mangled by Menkaure (18 damage)
             ... on level 4 of the Dungeon.
             The game lasted 00:04:07 (2273 turns).

kaze the Ruffian (Troll Berserker)                  Turns: 2273, Time: 00:04:08

Health: -9/45      AC:  5    Str: 28    XL:     4   Next: 97%
Magic:  3/3        EV: 10    Int:  3    God:    Trog [***...]
Gold:   168        SH:  0    Dex:  9    Spells: 0 memorised, 3 levels left

rFire  . . .     SeeInvis .     p - +0 hand axe
rCold  . . .     Clarity  .     a - +0 animal skin
rNeg   . . .     SustAt   .     (no shield)
rPois  .         Gourm    +     (helmet restricted)
rElec  .         Spirit   .     (no cloak)
rCorr  .         Warding  .     (gloves unavailable)
rMut   .         Stasis   .     (boots unavailable)
MR     .....                    (no amulet)
Stlth  +.........               (no ring)
                                h - +2 ring of strength

@: not resistant to hostile enchantments, very unstealthy
A: unfitting armour, claws 3, fast metabolism 3, gourmand, regeneration 2,
shaggy fur 1, tough skin 2
a: Berserk, Trog's Hand, Burn Spellbooks, Renounce Religion


You were on level 4 of the Dungeon.
You worshipped Trog.
Trog was most pleased with you.
You were not hungry.

You visited 1 branch of the dungeon, and saw 4 of its levels.

You collected 168 gold pieces.

Inventory:

Hand Weapons
 p - a +0 hand axe (weapon)
Missiles
 j - 5 tomahawks (quivered)
Armour
 a - a +0 animal skin (worn)
Jewellery
 h - a +2 ring of strength (left claw)
 t - an uncursed ring of protection from magic {unknown}
Scrolls
 c - a scroll of recharging {unknown}
 g - 4 scrolls of identify
 i - 3 scrolls of teleportation
 l - a scroll of blinking {unknown}
 m - a scroll of remove curse
 q - a scroll of magic mapping
 s - a scroll of random uselessness {unknown}
 w - a scroll of noise {unknown}
Potions
 e - a potion of haste {unknown}
 f - a potion of curing {unknown}
 k - 2 potions of might {unknown}
 o - a potion of brilliance {unknown}
 u - a potion of heal wounds {unknown}
 v - a potion of agility {unknown}
Comestibles
 b - 2 bread rations
 d - 3 meat rations
 n - a beef jerky
 r - a slice of pizza


   Skills:
 + Level 3.2 Fighting
 + Level 0.2 Axes
 + Level 3.3 Dodging
 + Level 4.2 Unarmed Combat


You had 3 spell levels left.
You didn't know any spells.

Dungeon Overview and Level Annotations

Branches:
Dungeon (4/15)
 Temple: D:4-7

Altars:
Dithmenos
Elyvilon

Annotations:
D:4 Menkaure


Innate Abilities, Weirdness & Mutations

You are too large for most types of armour.
You have claws for hands.
Your metabolism is lightning-fast.
You like to eat raw meat.
You heal very quickly.
You are covered in fur (AC +1).
You have very tough skin (AC +2).


Message History

Menkaure completely misses you.
You barely miss Menkaure.
Menkaure calls on the powers of darkness!
Your body is wracked with pain!
Menkaure closely misses you.
You hit Menkaure but do no damage. Menkaure hits you!
You hit Menkaure.
Menkaure is lightly damaged.
Menkaure hits you. Menkaure barely misses you.
You hit Menkaure.
Menkaure is moderately damaged.
Menkaure giggles, "These cerements are ticklish..."
Menkaure points at you and mumbles some strange words.
You barely resist. You hit Menkaure but do no damage.
Menkaure is moderately damaged.
Menkaure calls on the powers of darkness!
Your body is wracked with pain!
* * * LOW HITPOINT WARNING * * *
Menkaure hits you!!
You die...

#.# #.#
#.# #%#
#.# #.#
#M# #@#
#.########
#........#
########.#
#.# #.#
#<# ###


You could see Menkaure.

Vanquished Creatures
  6 adders
  An ooze (D:3)
  2 giant geckos (D:3)
  7 bats
  2 giant cockroaches
  7 goblins
  11 hobgoblins
  15 jackals
  A quokka (D:3)
  6 giant newts
  8 kobolds
  7 rats
73 creatures vanquished.

Notes
Turn   | Place    | Note
--------------------------------------------------------------
     0 | D:1      | kaze the Troll Berserker began the quest for the Orb.
     0 | D:1      | Reached XP level 1. HP: 22/22 MP: 0/0
   215 | D:1      | Reached XP level 2. HP: 29/29 MP: 1/1
   671 | D:1      | Reached XP level 3. HP: 32/36 MP: 2/2
   680 | D:1      | Reached ** piety under Trog
   998 | D:2      | Found a faded altar to an unknown god.
  1131 | D:2      | Reached skill level 4 in Unarmed Combat
  1131 | D:2      | Reached XP level 4. HP: 34/44 MP: 3/3
  1451 | D:2      | Found a shadowy altar of Dithmenos.
  1452 | D:2      | Found a white marble altar of Elyvilon.
  1774 | D:3      | Reached *** piety under Trog
  2266 | D:4      | Noticed Menkaure
  2273 | D:4      | Mangled by Menkaure

Action                   |  1- 3 |  4- 6 || total
-------------------------+-------+-------++-------
Melee: Unarmed           |   121 |    61 ||   182
       Hand axe          |       |    64 ||    64
  Use: Scroll            |     3 |       ||     3
  Eat: Chunk             |    12 |     9 ||    21
